 Dungeon Crawl Stone Soup version 0.30.1-4-g462c640d31 (webtiles) character file.

Game seed: 2852433718477097253

49 Janerl the Cudgeller (level 3, -5/33 HPs)
             Began as an Armataur Berserker on Aug 26, 2023.
             Was a Believer of Trog.
             Slain by a gnoll
             ... wielding a +0 flail
              (10 damage)
             ... on level 2 of the Dungeon on Sept 9, 2023.
             The game lasted 00:03:20 (1232 turns).

Janerl the Cudgeller (Armataur Berserker)           Turns: 1232, Time: 00:03:21

Health: -5/33      AC:  4    Str: 22    XL:     3   Next: 51%
Magic:  3/3        EV:  9    Int:  7    God:    Trog [**....]
Gold:   92         SH:  0    Dex: 11    Spells: 2/2 levels left

rFire   . . .        a - +0 mace
rCold   . . .        (no shield)
rNeg    . . .        b - +0 animal skin
rPois   .            (no helmet)
rElec   .            (no cloak)
rCorr   .            (no gloves)
SInv    .            (no barding)
Will    .....        (no amulet)
Stlth   +            (no ring)
HPRegen 0.25/turn    (no ring)
MPRegen 0.08/turn

%: roll
@: no status effects
A: large, rugged brown scales 3, deformed body, armoured tail, roll, long
tongue, awkward tongue
a: Renounce Religion, Berserk, Trog's Hand


You were on level 2 of the Dungeon.
You worshipped Trog.
Trog was pleased with you.
You visited 1 branch of the dungeon, and saw 2 of its levels.

You collected 92 gold pieces.

Inventory:

Hand Weapons
 a - a +0 mace (weapon)
Missiles
 g - 6 poisoned darts (quivered)
Armour
 b - a +0 animal skin (worn)
Scrolls
 c - a scroll of poison {unknown}
 d - a scroll of blinking {unknown}
 e - a scroll of teleportation {unknown}
 f - a scroll of vulnerability {unknown}


   Skills:
 + Level 3.3 Fighting
 + Level 3.3 Maces & Flails
 + Level 2.6 Armour
 + Level 1.6 Dodging
 + Level 0.2 Stealth


You had 2 spell levels left.
You didn't know any spells.
Your spell library was empty.

Dungeon Overview and Level Annotations

Branches:
Dungeon (2/15)

Altars:


Innate Abilities, Weirdness & Mutations

You are completely covered in rugged brown scales. (AC +3, +7% HP)
Armour fits poorly on your strangely shaped body.
You have a long armoured tail.
You roll when moving toward enemies. (Rampage)
Your long tongue fully drains potion bottles. (2x potion effects)
Your tongue gives you trouble enunciating. (1.5x scroll delay)


Message History

The adder is severely wounded.
The adder barely misses you. The adder bites you.
You thump the adder!
You kill the adder!
Trog accepts your kill. The giant cockroach barely misses you.
You hit the giant cockroach.
The giant cockroach is severely wounded.
The giant cockroach completely misses you.
You hit the giant cockroach.
You kill the giant cockroach!
Trog accepts your kill.
You see here 6 poisoned darts.
g - 6 poisoned darts
Found a stone staircase leading up.
Welcome back, Janerl the Armataur Berserker.
Trog says: Kill them all!
Press ? for a list of commands and other information.
A gnoll and a kobold come into view.
Found a scroll labelled RUOKODWE CIYDGH.
The gnoll shouts!
The kobold shouts!
You hear a shout!
A gnoll comes into view. It is wielding a +0 spear.
A gnoll comes into view. It is wielding a +0 halberd.
You roll towards the gnoll!
The gnoll misses you. The kobold barely misses you.
You thump the kobold!
You kill the kobold!
Trog accepts your kill. The gnoll closely misses you. x2
You closely miss the gnoll.
The gnoll hits you from afar with a +0 halberd.
The gnoll hits you with a +0 flail!
You barely miss the gnoll. You tail-slap the gnoll!
The gnoll is heavily wounded.
The gnoll hits you from afar with a +0 spear.
The gnoll hits you from afar with a +0 halberd!
* * * LOW HITPOINT WARNING * * *
The gnoll barely misses you. The gnoll hits you but does no damage.
A bat comes into view.
The gnoll hits you with a +0 flail!
You die...

#.#### #. #b...
....###.#... ##.##...#
##........... .#.......#
#......#.#.## .........
#............ ##.......
#.#......#.## ......gg#
........#.#
#....g.######.##.#.#.#
#.$...@).............#
##......#####.##.###.#
#....#...###.##.#..^#
......<..............###
###....#####...##.#.....
#....#.....#..#.#.....
...#+##.....##...#..#..
.## .#......####.......
.......<####.#.....


You could see 3 gnolls and a bat (wandering).

Vanquished Creatures
  An adder (D:2)
  A worm (D:2)
  A bat (D:2)
  4 endoplasms
  4 giant cockroaches
  A goblin (D:1)
  2 hobgoblins (D:1)
  5 jackals (D:1)
  A kobold (D:2)
  3 quokkas
  5 ball pythons
  A frilled lizard (D:1)
  A rat (D:1)
30 creatures vanquished.

Notes
Turn   | Place    | Note
-------+----------+-------------------------------------------
     0 | D:1      | Janerl the Armataur Berserker began the quest for the Orb.
     0 | D:1      | Reached XP level 1. HP: 19/19 MP: 1/1
   154 | D:1      | Reached XP level 2. HP: 22/26 MP: 2/2
  1037 | D:2      | Reached ** piety under Trog
  1038 | D:2      | Reached XP level 3. HP: 33/33 MP: 3/3
  1232 | D:2      | Slain by a gnoll

Illustrated notes

Levels and vault maps discovered:
D:1:      nagdon_arrival_double_spiral, layout_basic, chequers_decorated_corner,
          hex_large
D:2:      layout_basic, kennysheep_generic_room_13, uniq_sigmund

Skill      XL: |  1  2 |
---------------+-------+-----
Fighting       | 3 |  3.3
Maces & Flails | 3 |  3.3
Armour         | |  2.6
Dodging        | |  1.6
Stealth        | |  0.2

Action                     || total
---------------------------++-------
  Melee: Mace              ||   100
         Tailslap          ||    11
 Armour: Animal skin       ||    38
  Dodge: Dodged            ||    53
